 Dungeon Crawl Stone Soup version 0.30-a0-782-ge64f9170bb (webtiles) character file.

Game seed: 4959839128946000680

89 DavidChitty2 the Chopper (level 4, -1/34 HPs)
             Began as a Demonspawn Gladiator on Mar 8, 2023.
             Slain by a goblin
             ... wielding a +0 dagger
             ... led by Robin
              (3 damage)
             ... on level 2 of the Dungeon.
             The game lasted 00:02:47 (1254 turns).

DavidChitty2 the Chopper (Demonspawn Gladiator)     Turns: 1254, Time: 00:02:48

Health: -1/34      AC:  5    Str: 16    XL:     4   Next: 31%
Magic:  4/4        EV: 11    Int:  9    God:
Gold:   32         SH:  0    Dex: 15    Spells: 3/3 levels left

rFire   + . .      SeeInvis .    a - +0 war axe
rCold   . . .      Faith    .    (no shield)
rNeg    + . .      Spirit   .    n - +0 ring mail
rPois   .          Reflect  .    (helmet restricted)
rElec   .          Harm     .    (no cloak)
rCorr   .          Rampage  .    (no gloves)
Will    .....                    (no boots)
Stlth   +                        (no amulet)
HPRegen 0.25/turn                f - ring of positive energy
MPRegen 0.09/turn                i - ring of protection from fire

@: lethally poisoned (-1 -> -2)
A: antennae 2
a: no special abilities


You were on level 2 of the Dungeon.
You visited 1 branch of the dungeon, and saw 3 of its levels.

You collected 32 gold pieces.

Inventory:

Hand Weapons
 a - a +0 war axe (weapon)
Missiles
 c - 6 poisoned darts (quivered)
 d - 3 throwing nets {!f}
 e - 3 javelins
Armour
 n - a +0 ring mail (worn)
   (You found it on level 3 of the Dungeon)
Jewellery
 f - a ring of positive energy (left hand)
   (You found it on level 1 of the Dungeon)
 i - a ring of protection from fire (right hand)
   (You found it on level 3 of the Dungeon)
Scrolls
 b - a scroll of identify {unknown}
 g - a scroll of magic mapping {unknown}
 h - a scroll of amnesia {unknown}
 k - a scroll of teleportation {unknown}
 l - a scroll of enchant weapon {unknown}
 o - a scroll of poison {unknown}
Potions
 j - a potion of might {unknown}
 m - a potion of attraction {unknown}


   Skills:
 + Level 2.7 Fighting
 * Level 3.8 Axes
 - Level 2.0 Throwing
 + Level 1.2 Armour
 - Level 2.8 Dodging


You had 3 spell levels left.
You didn't know any spells.
Your spell library was empty.

Dungeon Overview and Level Annotations

Branches:
Dungeon (3/15)

Altars:

Annotations:
D:2 Robin


Innate Abilities, Weirdness & Mutations

You have a pair of antennae on your head.


Message History

You kill the goblin!
You closely miss the goblin. The goblin barely misses you.
You barely miss the goblin. The goblin hits you but does no damage.
You are poisoned.
You miss the goblin.
You feel very sick. The goblin closely misses you.
The goblin hits you but does no damage.
You are more poisoned.
You closely miss the goblin.
You feel very sick. The goblin hits you but does no damage.
You are more poisoned.
You barely miss the goblin.
You feel very sick. The goblin barely misses you. x2
You hit the goblin.
You feel very sick. The goblin closely misses you.
You are too injured to fight recklessly!
You are too injured to fight recklessly!
You are too injured to fight recklessly!
You are too injured to fight recklessly!
You are too injured to fight recklessly!
You are too injured to fight recklessly!
You are too injured to fight recklessly!
You are too injured to fight recklessly!
You are too injured to fight recklessly!
You are too injured to fight recklessly!
You are too injured to fight recklessly!
You are too injured to fight recklessly!
Unknown command.
You hit the goblin.
You kill the goblin!
You feel very sick.
You hit the goblin but do no damage.
You feel very sick. The goblin hits you with a +0 dagger.
* * * LOW HITPOINT WARNING * * *
The goblin hits you but does no damage.
Okay, then.
You closely miss the goblin.
You feel sick. The goblin barely misses you.
You slash the goblin!
You kill the goblin!
You feel sick.
You barely miss the goblin.
You feel sick. The goblin hits you with a +0 dagger.
* * * LOW HITPOINT WARNING * * *
You closely miss the goblin.
You feel sick. The goblin barely misses you.
The goblin hits you with a +0 dagger.
You die...

.... ........##.
####gg...... #...
.........# #..{........
.........#.###.##########
.........#........#
.........####..##.#
.........##...## #
.........#g.###
.........#g## .#
.......#.#@# .#
.......#...# { .
.......#..## ...######.##
#......#'######
#.......>.....#
#.............#
#.............#
#.............#


You could see 2 goblins.

Vanquished Creatures
  Jessica (D:2)
  An adder (D:2)
  2 dart slugs
  3 ball pythons (D:1)
  2 endoplasms (D:1)
  A giant cockroach (D:1)
  12 goblins
  5 hobgoblins
  3 jackals (D:1)
  A quokka (D:1)
  4 bats
  5 frilled lizards
  4 kobolds
  3 rats
47 creatures vanquished.

Notes
Turn   | Place    | Note
-------+----------+-------------------------------------------
     0 | D:1      | DavidChitty2 the Demonspawn Gladiator began the quest for
                  | the Orb.
     0 | D:1      | Reached XP level 1. HP: 16/16 MP: 1/1
    71 | D:1      | Gained mutation: You have a pair of small antennae on your
                  | head. [demonic ancestry]
    71 | D:1      | Reached XP level 2. HP: 22/22 MP: 2/2
   123 | D:1      | Reached skill level 3 in Axes
   506 | D:1      | Reached XP level 3. HP: 28/28 MP: 3/3
   931 | D:2      | Noticed Jessica
   938 | D:2      | Killed Jessica
   939 | D:2      | Reached skill level 1 in Armour
   939 | D:2      | Gained mutation: You have a pair of antennae on your head.
                  | [demonic ancestry]
   939 | D:2      | Reached XP level 4. HP: 34/34 MP: 4/4
   993 | D:2      | Identified the +0 helmet of the Trout {rPois rN+ Int-4
                  | SInv}
   993 | D:2      | Noticed Robin
  1061 | D:2      | You fall into a shaft and drop 1 floor!
  1254 | D:2      | Slain by a goblin

Illustrated notes

Levels and vault maps discovered:
D:1:      saegor_arrival_simple_d, layout_basic
D:2:      layout_basic, uniq_robin, uniq_sigmund, uniq_jessica
D:3:      minmay_door_path, layout_loops_ring, mainiacjoe_overflow_catwalk,
          uniq_crazy_yiuf_cottage, uniq_natasha

Skill      XL: |  1  2  3 |
---------------+----------+-----
Axes           | 3 |  3.8
Throwing       | 2 |  2.0
Armour         | 1 |  1.2
Fighting       | |  2.7
Dodging        | |  2.8

Action                     |  1- 3 |  4- 6 || total
---------------------------+-------+-------++-------
  Melee: War axe           |    81 |    37 ||   118
         Punch             |       |     1 ||     1
  Throw: Dart              |     8 |       ||     8
   Stab: Sleeping          |     1 |       ||     1
 Armour: Leather armour    |    25 |    10 ||    35
         Ring mail         |       |     7 ||     7
  Dodge: Dodged            |    79 |    24 ||   103

Table legend: (Time is in decaauts)
 A = Elapsed time spent in this place.
 B = Non-inter-level travel time spent in this place.
 C = Inter-level travel time spent in this place.
 D = Time resting spent in this place.
 E = Time spent auto-exploring this place.
 F = Levels seen in this place.
 G = Mean time per level.
                   A        B        C        D        E       F      G
               +--------+--------+--------+--------+--------+-----+--------+
         Total |   1290 |   1207 |     83 |     88 |    688 |   3 |  430.0 |
       Dungeon |   1290 |   1207 |     83 |     88 |    688 |   3 |  430.0 |
               +--------+--------+--------+--------+--------+-----+--------+

Top non-repeatable levels by time:
     D:1: 844 daAuts
     D:2: 307 daAuts
     D:3: 138 daAuts
